 Dungeon Crawl Stone Soup version 0.17-a0-1174-ge06b3cc (webtiles) character file.

72 Jakers the Poker (level 4, -11/35 HPs)
             Began as a Merfolk Gladiator on May 29, 2015.
             Was an Initiate of the Shining One.
             Killed by nerve-wracking pain
             ... invoked by an orc priest
              (12 damage)
             ... on level 3 of the Dungeon.
             The game lasted 00:07:47 (1163 turns).

Jakers the Poker (Merfolk Gladiator)                Turns: 1163, Time: 00:07:47

Health: -11/35     AC: 11    Str: 16    XL:     4   Next: 26%
Magic:  4/4        EV: 11    Int:  7    God:    the Shining One [......]
Gold:   78         SH:  0    Dex: 14    Spells: 0 memorised, 3 levels left

rFire  . . .     SeeInvis .     a - +1 trident
rCold  . . .     Clarity  .     m - +0 scale mail
rNeg   . . .     SustAt   .     (no shield)
rPois  +         Gourm    .     k - +0 helmet
rElec  .         Spirit   .     (no cloak)
rCorr  .         Warding  .     n - +2 pair of gloves
rMut   +         Rnd*Tele +     i - +0 pair of boots
MR     .....                    b - amulet of resist mutation
Stlth  ..........               p - ring of poison resistance
                                j - ring of teleportation

@: not resistant to hostile enchantments, extremely unstealthy
A: change form in water, swift swim
a: Renounce Religion, Evoke Teleportation


You were on level 3 of the Dungeon.
You worshipped the Shining One.
The Shining One was noncommittal.
You were hungry.

You visited 1 branch of the dungeon, and saw 3 of its levels.

You collected 78 gold pieces.

Inventory:

Hand weapons
 a - a +1 trident (weapon)
Missiles
 d - 4 throwing nets (quivered)
Armour
 i - a +0 pair of boots (worn)
 k - a +0 helmet (worn)
 m - a +0 scale mail (worn)
 n - a +2 pair of gloves (worn)
Jewellery
 b - an amulet of resist mutation (around neck)
 j - a ring of teleportation (left hand)
 p - a ring of poison resistance (right hand)
Scrolls
 o - a scroll of teleportation {unknown}
 r - a scroll of enchant armour {unknown}
Potions
 c - a potion of heal wounds {unknown}
 h - a potion of might {unknown}
Books
 q - a book of Conjurations

   Spells                             Type                      Level
   a - Magic Dart                     Conjuration                  1
   b - Searing Ray                    Conjuration                  2
   c - Dazzling Spray                 Conjuration/Hexes            3
   d - Fulminant Prism                Conjuration/Hexes            4
   e - Iskenderun's Mystic Blast      Conjuration                  4
   f - Iskenderun's Battlesphere      Conjuration/Charms           5
Comestibles
 e - a bread ration
 f - 4 fruits
 g - 2 meat rations
 l - 2 beef jerkies


   Skills:
 + Level 3.1 Fighting
 + Level 5.3 Polearms
 + Level 2.1 Throwing
 + Level 0.3 Armour
 + Level 4.8 Dodging
 + Level 0.5 Stealth


You had 3 spell levels left.
You didn't know any spells.

Dungeon Overview and Level Annotations

Branches:
Dungeon (3/15)

Altars:
The Shining One


Message History

Really attack the helpless orc priest?
This attack would place you under penance! [Y]es or [N]o only, please.
Really attack the helpless orc priest?
This attack would place you under penance! [Y]es or [N]o only, please.
Really attack the helpless orc priest?
This attack would place you under penance!
Okay, then.
The orc priest struggles to escape the net.
You puncture the giant gecko skeleton!
You destroy the giant gecko skeleton!
The Shining One accepts your kill.
The orc priest struggles against the net.
The orc priest mumbles some strange prayers to Beogh against you.
Something smites you!
* * * LOW HITPOINT WARNING * * *
The orc priest struggles against the net.
You hit the orc priest.
The orc priest is heavily wounded.
The orc priest calls down the wrath of Beogh upon you.
Pain shoots through your body!
You die...

.........# #.# #.#
.........# #.###.#
..####'#####...#.#
..# #..........#.#
..# #............#
..#
#.........########
..#
#.........####...###
###
#................8.#
#.........oo@..PP.8#
#.........o.......P#
#........o#####....#
........##########
.........o.....#
...##....o.....# ..
#..........# .
.............#
..#.....$.....#


You could see 2 orc priests and 2 orcs.

Vanquished Creatures
  3 adders
  A worm (D:2)
  A giant gecko (D:2)
  A ball python (D:2)
  7 bats
  2 giant cockroaches
  3 goblins
  3 hobgoblins
  A giant gecko skeleton (D:3)
  A giant gecko zombie (D:3)
  5 giant newts
  4 jackals
  3 kobolds
  A quokka zombie (D:3)
  5 rats
41 creatures vanquished.

Notes
Turn   | Place    | Note
--------------------------------------------------------------
     0 | D:1      | Jakers the Merfolk Gladiator began the quest for the Orb.
     0 | D:1      | Reached XP level 1. HP: 16/16 MP: 1/1
    81 | D:1      | Reached XP level 2. HP: 22/22 MP: 2/2
   709 | D:2      | Reached XP level 3. HP: 28/28 MP: 3/3
   813 | D:2      | Reached skill level 5 in Polearms
   954 | D:3      | Found a glowing golden altar of the Shining One.
   966 | D:3      | Became a worshipper of the Shining One
  1069 | D:3      | Reached XP level 4. HP: 33/35 MP: 4/4
  1153 | D:3      | The Shining One protects you from harm!
  1162 | D:3      | HP: 1/35 [orc priest/divine providence (8)]
  1163 | D:3      | Killed from afar by an orc priest

Vault maps used:
D:1:      erik_arrival_triangle_medium, kennysheep_crisscross,
          minmay_crystal_room, serial_bayou_pond_e
D:2:      wad_floor_pattern_untrapped, minmay_statues_item
D:3:      nicolae_overflow_crystal_walls, nicolae_qazlal_general_emergency,
          lemuel_coloured_pillars_altar, gammafunk_temple_overflow_statue,
          first_bread, serial_undead, serial_undead_a, serial_undead_e,
          serial_undead_f, serial_undead_c, st_stairs_6

Action                   |  1- 3 |  4- 6 || total
-------------------------+-------+-------++-------
Melee: Trident           |    99 |    15 ||   114
Throw: Throwing net      |     1 |     1 ||     2
  Use: Scroll            |     3 |       ||     3
